Map: [G8] Dragon Scales

Players

Cure

  • Race: Terran Terran
  • Spawn Location: 11:00

Serral - Winner!

  • Race: Zerg Zerg
  • Spawn Location: 5:00

Event: Gamers8 2023

VOD

Have the link to the VOD?

Description

Time

  • Played on: Aug. 4, 2023, 2:19 p.m.
  • Length: 16:16

All games in this series

Show
View Real Time Build Order
Export as new Build Order

Cure Terran 

Build Orders:  

Get SALT Encoding   

  12  0:00  SCV  
  13  0:12  SCV  
  14  0:17  Supply Depot  
  14  0:24  SCV  
  15  0:39  Barracks, SCV  
  15  0:42  Refinery  
  16  0:51  SCV  
  17  0:59  Barracks  
  17  1:03  SCV  
  18  1:15  SCV  
  19  1:26  Reaper  
  19  1:27  Orbital Command  
  19  1:30  Supply Depot  
  20  1:45  Reaper  
  21  1:53  SCV  
  22  2:02  Reaper  
  22  2:05  SCV  
  24  2:10  Command Center  
  24  2:17  SCV  
  25  2:23  Barracks Reactor  
  25  2:29  SCV  
  26  2:36  Barracks  
  26  2:39  Barracks Tech Lab  
  26  2:41  SCV  
  27  2:45  Barracks, Supply Depot  
  27  2:53  SCV  
  28  3:00  Marine  
  28  3:01  Marine x2  
  31  3:07  SCV, Stimpack  
  32  3:19  Marine x3, SCV  
  36  3:22  Orbital Command  
  36  3:24  Barracks Tech Lab  
  36  3:31  SCV  
  36  3:32  Marine  
  38  3:35  Supply Depot  
  38  3:39  Marine  
  38  3:40  Marine x2  
  41  3:44  SCV  
  41  3:46  Marine  
  43  3:49  SCV  
  43  3:51  Marine  
  43  3:52  Combat Shield  
  45  3:56  Supply Depot  
  45  3:58  SCV  
  45  3:59  Marine  
  45  4:01  Marine x2  
  49  4:04  Marine  
  49  4:06  SCV  
  51  4:10  SCV  
  51  4:13  Marine  
  53  4:17  Marine  
  53  4:18  Supply Depot  
  53  4:19  Marine x2, SCV  
  53  4:21  Marine  
  53  4:22  SCV  
  59  4:31  Marine, SCV  
  61  4:34  SCV  
  61  4:35  Marine  
  61  4:36  Factory  
  61  4:37  Marine x2  
  65  4:43  Marine, Refinery, SCV  
  65  4:44  Refinery  
  67  4:46  SCV, Supply Depot  
  67  4:50  Refinery  
  67  4:52  Engineering Bay  
  68  4:55  SCV  
  68  4:58  Marine x3  
  73  5:02  SCV  
  73  5:03  Barracks Reactor, Marine  
  74  5:07  SCV  
  74  5:14  SCV  
  76  5:19  Terran Infantry Weapons Level 1, SCV  
  76  5:21  Supply Depot  
  80  5:24  Starport  
  80  5:27  SCV  
  78  5:30  Factory Reactor  
  78  5:31  SCV  
  78  5:41  Command Center, SCV  
  79  5:43  SCV  
  79  5:47  Marine x4  
  84  5:51  Barracks Reactor  
  84  5:53  SCV  
  84  5:55  SCV, Supply Depot  
  86  5:58  Barracks  
  86  6:05  SCV  
  87  6:14  Medivac x2  
  87  6:15  Siege Tank  
  94  6:18  SCV  
  94  6:20  Marine x2  
  94  6:22  Marine, Supply Depot x2  
  94  6:23  Marine  
  94  6:25  Marine  
  99  6:32  SCV x2  
  101  6:34  Supply Depot  
  100  6:41  Marine x2, Supply Depot  
  100  6:43  Marine x5  
  100  6:47  Barracks Reactor  
  107  6:49  Siege Tank  
  107  6:53  SCV x2  
  112  6:58  Medivac x2  
  112  7:01  Missile Turret  
  116  7:06  SCV x2  
  118  7:14  Orbital Command  
  118  7:18  SCV x2  
  120  7:24  Siege Tank  
  120  7:27  Marine x5  
  120  7:28  Medivac x2  
  132  7:30  Marine x2, SCV x2  
  132  7:31  Marine x2  
  132  7:34  Terran Infantry Armor Level 1  
  138  7:40  Supply Depot  
  138  7:42  Supply Depot  
  138  7:44  Marine x2  
  138  7:45  Marine  
  138  7:47  Armory  
  138  7:48  Engineering Bay  
  138  7:49  SCV  
  138  7:50  SCV x2  
  144  7:55  Marine x4  
  148  8:01  Marine  
  148  8:02  Siege Tank, Marine x3  
  148  8:05  Supply Depot  
  155  8:09  Supply Depot  
  155  8:18  Medivac x2  
  155  8:19  SCV x3  
  159  8:25  Marine x6  
  159  8:26  Marine x3  
  168  8:30  Supply Depot  
  168  8:32  Supply Depot  
  168  8:40  Terran Infantry Weapons Level 2  
  168  8:41  Terran Vehicle Weapons Level 1  
  168  8:43  Marine x2, Refinery  
  168  8:45  Refinery  
  168  8:46  Factory  
  170  8:52  Marine x7  
  177  9:00  Marine x2  
  177  9:02  Siege Tank  
  181  9:10  Marine x7  
  177  9:18  Marine  
  177  9:19  Marine  
  177  9:20  Medivac x2  
  182  9:28  Marine x3  
  182  9:29  Marauder, Factory Tech Lab  
  182  9:30  Terran Infantry Armor Level 2  
  187  9:33  Command Center  
  187  9:40  Siege Tank  
  187  9:42  Marine x4  
  189  9:50  Marauder  
  191  9:53  Siege Tank, Marine x2  
  191  9:55  Concussive Shells  
  191  10:01  Marine x4  
  195  10:11  Marauder  
  195  10:12  Barracks  
  195  10:13  Barracks  
  197  10:15  Barracks  
  197  10:19  Siege Tank  
  194  10:23  Marine x2  
  194  10:24  Marine  
  194  10:27  Ghost Academy  
  197  10:39  Terran Vehicle Weapons Level 2  
  197  10:44  Marine x3  
  197  10:47  Sensor Tower  
  200  10:54  Marauder  
  188  11:03  Marine x3  
  167  11:04  Siege Tank x2  
  170  11:11  Marine x4  
  170  11:12  Barracks Tech Lab x2  
  170  11:13  Barracks Tech Lab  
  170  11:15  Marauder  
  173  11:20  Marine  
  173  11:21  Marine x3  
  173  11:27  Viking x2  
  174  11:34  Ghost  
  174  11:35  Ghost x2  
  174  11:36  Terran Infantry Weapons Level 3  
  163  11:55  Ghost  
  163  11:59  Marine x6  
  163  12:00  Medivac  
  161  12:03  Ghost x2  
  161  12:07  SCV x3  
  167  12:14  Medivac  
  168  12:20  Planetary Fortress  
  168  12:24  Missile Turret  
  168  12:25  Refinery  
  168  12:27  Siege Tank, Refinery  
  168  12:29  Ghost  
  171  12:30  Medivac  
  171  12:33  Missile Turret  
  175  12:40  Ghost  
  175  12:51  Ghost  
  175  12:53  Orbital Command  
  176  13:03  Ghost x2  
  178  13:07  Marine x2  
  178  13:08  Marine x2  
  175  13:16  SCV x3  
  175  13:17  Missile Turret  
  175  13:18  Refinery  
  178  13:23  Command Center  
  178  13:26  Personal Cloaking  
  178  13:31  Marauder, Marine x3  
  140  13:50  Marauder, Marine x6  
  140  13:51  Marauder  
  140  13:53  Marauder  
  129  14:02  Marine x2  
  129  14:08  Marine x3  
  126  14:12  Marauder x2, Marine x2  
  126  14:18  Marine  
  127  14:28  Marine x2  
  127  14:29  Marine  
  130  14:37  Siege Tank  
  124  14:38  Medivac  
  133  14:44  Marine x3  
  133  14:45  Marauder  
  140  14:51  Viking  
  140  14:52  Marine x3  
  141  15:03  Siege Tank  
  140  15:09  Siege Tank  
  143  15:16  Missile Turret  
  143  15:26  Missile Turret  
  143  15:35  Siege Tank  
  143  15:38  Ghost x2  
  143  15:39  Marine x4  
  143  15:41  Siege Tank  
  143  15:42  Ghost  
Show
View Real Time Build Order
Export as new Build Order

Serral Zerg - Winner!

Build Orders: Hatch First, Lurkers 

Get SALT Encoding   

  12  0:00  Drone  
  13  0:12  Overlord  
  13  0:16  Drone  
  14  0:30  Drone x2  
  16  0:47  Hatchery  
  15  0:50  Drone  
  15  0:54  Drone  
  17  0:57  Drone  
  18  1:04  Extractor  
  17  1:12  Spawning Pool  
  17  1:16  Drone  
  17  1:19  Drone  
  18  1:28  Drone  
  19  1:38  Drone  
  20  1:48  Overlord  
  20  2:00  Queen x2  
  20  2:01  Zergling x4  
  26  2:06  Metabolic Boost  
  26  2:11  Drone x2  
  28  2:21  Drone  
  29  2:24  Zergling x2  
  30  2:31  Spore Crawler  
  30  2:33  Overlord, Drone  
  30  2:36  Queen  
  33  2:44  Queen  
  33  2:45  Drone  
  33  2:48  Overlord  
  36  2:56  Zergling x4  
  38  3:05  Drone x2  
  40  3:10  Drone x3  
  40  3:11  Drone x3  
  46  3:27  Hatchery  
  46  3:30  Overlord  
  46  3:33  Drone x2  
  47  3:36  Drone  
  47  3:38  Drone  
  49  3:42  Drone x2  
  49  3:45  Drone  
  52  3:51  Roach Warren  
  52  3:52  Drone x2  
  53  3:55  Drone  
  53  3:56  Drone  
  53  4:00  Extractor x2, Drone  
  54  4:03  Drone  
  54  4:05  Overlord  
  55  4:10  Overlord  
  55  4:11  Overlord  
  55  4:14  Drone  
  55  4:15  Drone  
  57  4:30  Roach  
  57  4:31  Roach x4  
  67  4:39  Queen  
  67  4:41  Roach x2  
  67  4:42  Roach  
  75  4:51  Overlord  
  75  4:52  Roach x4  
  83  4:58  Roach x3  
  89  5:04  Lair  
  89  5:10  Roach x2  
  93  5:15  Evolution Chamber  
  93  5:16  Roach x2  
  93  5:19  Overlord  
  96  5:25  Overlord, Drone  
  96  5:26  Drone  
  98  5:32  Overlord  
  98  5:38  Drone x7  
  105  5:43  Zerg Ground Armor Level 1  
  105  5:45  Drone x2  
  106  5:52  Drone x4  
  106  5:53  Drone  
  111  5:57  Extractor  
  111  5:58  Drone x3  
  111  6:03  Glial Reconstitution  
  111  6:04  Overseer  
  113  6:10  Drone x3  
  113  6:11  Overlord  
  116  6:12  Drone x2  
  116  6:15  Overlord  
  117  6:18  Extractor  
  117  6:19  Extractor  
  117  6:24  Drone x3  
  117  6:25  Drone  
  119  6:33  Spore Crawler  
  119  6:35  Drone  
  119  6:37  Infestation Pit, Hatchery  
  119  6:38  Roach x4  
  125  6:45  Evolution Chamber, Drone  
  125  6:48  Roach x4  
  133  6:55  Overlord x2  
  133  7:03  Overlord x4  
  133  7:12  Zerg Missile Weapons Level 1  
  133  7:18  Infestor x2  
  133  7:20  Hive  
  133  7:21  Drone  
  133  7:22  Drone x7  
  145  7:23  Ravager x2  
  145  7:24  Ravager  
  145  7:29  Drone x5  
  153  7:37  Hydralisk Den  
  153  7:38  Overlord  
  153  7:39  Overlord x2  
  153  7:43  Extractor  
  151  7:45  Extractor  
  151  7:47  Zerg Ground Armor Level 2  
  150  7:57  Roach x2  
  150  7:58  Roach, Zergling x10  
  161  8:03  Zergling x10  
  166  8:10  Lurker Den  
  164  8:13  Overlord  
  164  8:14  Zergling x12  
  165  8:22  Roach x4  
  173  8:28  Overlord  
  173  8:30  Roach x2  
  177  8:34  Hydralisk x4  
  177  8:35  Hydralisk  
  186  8:42  Hydralisk  
  186  8:48  Zergling x4  
  188  9:08  Seismic Spines  
  188  9:09  Lurker x6  
  194  9:10  Zergling x2  
  194  9:11  Zergling x8  
  194  9:15  Zerg Melee Weapons Level 1  
  192  9:21  Hydralisk x4  
  198  9:30  Adrenal Glands  
  198  9:39  Pneumatized Carapace  
  198  9:44  Hatchery  
  195  9:50  Hydralisk x3  
  199  9:56  Overlord x2  
  199  10:04  Muscular Augments  
  199  10:05  Adaptive Talons, Baneling Nest  
  198  10:19  Viper x2  
  196  10:23  Lurker x3  
  199  10:32  Overlord  
  199  10:37  Zerg Ground Armor Level 3  
  177  10:57  Hydralisk x2  
  177  10:58  Zergling x40  
  177  11:01  Lurker x4  
  177  11:03  Hydralisk x2  
  199  11:16  Grooved Spines  
  182  11:21  Hydralisk x2  
  182  11:22  Zergling x16  
  194  11:29  Hatchery  
  190  11:34  Drone x4  
  190  11:35  Zergling x2  
  190  11:36  Zergling x8  
  199  11:43  Overlord x6  
  194  11:55  Hydralisk x3  
  194  11:59  Extractor  
  194  12:21  Drone  
  194  12:22  Drone  
  196  12:24  Hatchery  
  195  12:30  Drone x2  
  195  12:33  Zerg Melee Weapons Level 2  
  195  12:36  Baneling Nest, Drone  
  195  12:37  Drone  
  196  12:44  Hatchery, Drone x2  
  196  12:52  Lurker x4  
  196  12:55  Overseer  
  196  12:56  Overseer  
  189  13:08  Zergling x28  
  199  13:24  Centrifugal Hooks  
  199  13:25  Drone  
  200  13:34  Overseer  
  183  13:41  Hydralisk x6  
  183  13:42  Zergling x14  
  183  13:48  Queen x2  
  177  13:50  Hydralisk  
  177  13:53  Zergling x8  
  175  13:58  Hydralisk  
  173  14:09  Zergling x2, Hydralisk x2  
  164  14:10  Zergling x16  
  164  14:15  Queen  
  164  14:16  Hydralisk x6  
  165  14:22  Overseer, Lurker x7  
  165  14:24  Viper  
  164  14:31  Lurker, Drone  
  165  14:32  Drone x2  
  165  14:37  Hydralisk x2  
  165  14:38  Zergling x10, Hydralisk x2  
  167  14:39  Zergling x4  
  176  14:48  Lurker x8  
  185  14:53  Zergling x18  
  185  15:01  Zergling x6  
  184  15:10  Lurker x4  
  184  15:12  Baneling x10  
  184  15:13  Zergling x24  
  200  15:21  Overlord  
  190  15:39  Zergling x20  
Tags
 
Add a new tag
Caveats
  • Supply blocks, unpowered buildings, or Contaminate may cause inaccurate times.
  • Supply counts are checked every 10 seconds.